 Dungeon Crawl Stone Soup version 0.22-a0-445-g8c8ef71 (webtiles) character file.

2369 Gorglomux the Shield-Bearer (level 9, 0/82 HPs)
             Began as a Deep Dwarf Fighter on June 2, 2018.
             Slain by a manticore (3 damage)
             ... summoned by a worldbinder
             ... on level 1 of the Abyss.
             The game lasted 00:03:33 (3268 turns).

Gorglomux the Shield-Bearer (Deep Dwarf Fighter)    Turns: 3268, Time: 00:03:34

Health: 0/82       AC: 10    Str: 24    XL:     9   Next: 21%
Magic:  4/4        EV:  7    Int:  8    God:
Gold:   168        SH: 11    Dex: 12    Spells: 8/8 levels left

rFire    . . .     SeeInvis +   a - +1 war axe
rCold    . . .     Gourm    .   c - +0 shield
rNeg     . . .     Faith    .   U - +0 chain mail
rPois    .         Spirit   .   (no helmet)
rElec    .         Reflect  .   (no cloak)
rCorr    .         Harm     .   (no gloves)
MR       +....                  (no boots)
Stlth    ..........             t - amulet of inaccuracy (curse)
HPRegen  0.00/turn              s - ring of see invisible
MPRegen  0.09/turn              (no ring)

@: non-regenerating
A: damage resistance, heal wounds, sense surroundings 2, no regeneration
a: Heal Wounds


You were on level 1 of the Abyss.
You were not hungry.

You visited 2 branches of the dungeon, and saw 9 of its levels.
You visited the Abyss 1 time.

You collected 168 gold pieces.

Inventory:

Hand Weapons
 a - a +1 war axe (weapon)
Armour
 b - a +0 scale mail
 c - a +0 shield (worn)
 U - a +0 chain mail (worn)
Jewellery
 s - a ring of see invisible (left hand)
 t - a cursed amulet of inaccuracy (around neck)
 V - an uncursed ring of protection from fire {unknown}
Scrolls
 B - a scroll of blinking
 M - a scroll of magic mapping
 R - 5 scrolls of identify
 S - a scroll of fear {unknown}
 T - a scroll of immolation
Potions
 d - a potion of might
 h - 2 potions of mutation
 o - a potion of brilliance {unknown}
 W - a potion of flight {unknown}
Comestibles
 f - 7 rations
 X - 6 chunks of flesh


   Skills:
 + Level 6.3 Fighting
 + Level 7.1 Axes
 + Level 7.5 Armour
 + Level 7.5 Shields


You had 8 spell levels left.
You didn't know any spells.
Your spell library contained the following spells:

 Spells                   Type           Power        Failure   Level  Hunger
 Magic Dart               Conj           #...         100%        1    ##.....
 Iskenderun's Mystic Bla  Conj           #.......     100%        4    #####..
 Fulminant Prism          Conj/Hex       #.........   100%        4    #####..
 Dazzling Spray           Conj/Hex       #.....       100%        3    ####...
 Force Lance              Conj/Tloc      #.......     100%        4    #####..
 Searing Ray              Conj           #.....       100%        2    ###....


Dungeon Overview and Level Annotations

Branches:
Dungeon (8/15)             Temple (1/1) D:5
   Lair: D:8-11

Altars:
Ashenzari
Cheibriados
Dithmenos
Elyvilon
Fedhas
Hepliaklqana
Nemelex Xobeh
Okawaru
Ru
Sif Muna
Trog
Uskayaw
Vehumet
Yredelemnul
Zin
The Shining One

Shops:
D:6 =

Annotations:
D:8 Psyche; crawlian's ghost, novice OpMo


Innate Abilities, Weirdness & Mutations

You are resistant to damage.
You can heal yourself by infusing magical energy.
You passively map the area around you.
You do not regenerate.


Message History

You cut the manticore into ribbons!!!
The worldbinder hits you but does no damage!
You block the worldbinder's attack! You block the manticore's attack! x2
The manticore butts you! * * * don't butt
* * * The wind drake completely misses you!
The manticore bites you! * * * don't butt
* * * The manticore claws you! * * * don't die
* * * You block the manticore's attack!
The worldbinder hits you butt does no damage!
The worldbinder hits you but does no damage!
You carve the worldbinder but do no damage!
The worldbinder is almost destroyed!
You barely miss the manticore!
You open the wind drake butt a pillowcase!
You barely butts the manticore!
The wind drake bites you but does no damage!
The manticore bites you! rip

.. .# . ##. .
##.......
#........
..#.#.ยง.... # #
#5.#..... #
.#xH......
#.####@k......
#....H.......#
#......#......
###.#...#######.
#.......#
..##......##
#....#..# # ###
#....#. ........
# ..........###


You could see a wind drake, 2 manticores, a worldbinder and an iron imp.

Vanquished Creatures
  2 tengu conjurers (D:8)
  A hippogriff (D:8)
  A soldier ant (D:8)
  An ice beast (D:5)
  A phantom (D:5)
  A sky beast (D:7)
  An ogre (D:5)
  A centaur (D:5)
  A big kobold (D:7)
  2 bullfrogs
  3 scorpions (D:6)
  A hound (D:5)
  2 jellies (D:5)
  4 orc priests
  3 orc wizards
  4 iguanas
  9 worker ants
  A hound skeleton (D:6)
  A howler monkey skeleton (D:4)
  3 gnolls (D:6)
  6 adders
  A river rat (D:6)
  An ooze (D:2)
  An adder skeleton (D:5)
  4 worms
  4 leopard geckos
  16 orcs
  3 giant cockroaches
  3 goblins
  A hobgoblin (D:3)
  11 jackals
  3 quokkas
  3 ball pythons (D:6)
  A bat (D:3)
  3 frilled lizards
  A jackal skeleton (D:6)
  2 jackal zombies
  8 kobolds
  A leopard gecko skeleton (D:8)
  A leopard gecko zombie (D:8)
  A quokka zombie (D:7)
  6 rats
124 creatures vanquished.

Notes
Turn   | Place    | Note
-------+----------+-------------------------------------------
     0 | D:1      | Gorglomux the Deep Dwarf Fighter began the quest for the Orb.
     0 | D:1      | Reached XP level 1. HP: 20/20 MP: 1/1
    98 | D:2      | Reached XP level 2. HP: 24/27 MP: 2/2
   144 | D:2      | Reached skill level 3 in Fighting
   293 | D:3      | Reached XP level 3. HP: 16/34 MP: 3/3
   350 | D:3      | Found a hide-covered altar of Uskayaw.
   494 | D:4      | Reached skill level 3 in Axes
   494 | D:4      | Reached XP level 4. HP: 36/42 MP: 4/4
   626 | D:4      | Reached XP level 5. HP: 21/49 MP: 5/5
  1161 | D:5      | Entered Level 5 of the Dungeon
  1171 | D:5      | Noticed a centaur
  1192 | D:5      | Killed a centaur
  1192 | D:5      | Reached XP level 6. HP: 49/57 MP: 5/5
  1198 | D:5      | Found a staircase to the Ecumenical Temple.
  1233 | Temple   | Entered the Ecumenical Temple
  1449 | D:5      | Noticed an ice beast
  1470 | D:5      | Killed an ice beast
  1510 | D:5      | Reached XP level 7. HP: 33/66 MP: 5/5
  1528 | D:5      | Found a sand-covered staircase.
  2127 | D:6      | Reached skill level 6 in Armour
  2127 | D:6      | Reached skill level 6 in Shields
  2127 | D:6      | Reached XP level 8. HP: 38/74 MP: 5/5
  2436 | D:6      | Found a glowing drain.
  2491 | D:6      | Found Nisuc's Jewellery Emporium.
  2527 | D:6      | Found a sparkling altar of Nemelex Xobeh.
  2755 | D:7      | Found a glowing golden altar of the Shining One.
  2873 | D:7      | Reached skill level 6 in Axes
  3086 | D:8      | Noticed a hippogriff
  3086 | D:8      | Noticed a tengu conjurer
  3086 | D:8      | Noticed a tengu conjurer
  3105 | D:8      | Killed a tengu conjurer
  3127 | D:8      | Killed a hippogriff
  3127 | D:8      | Reached skill level 6 in Fighting
  3127 | D:8      | Gained mutation: You passively map the area around you. [Deep Dwarf growth]
  3127 | D:8      | Reached XP level 9. HP: 82/82 MP: 4/4
  3171 | D:8      | Killed a tengu conjurer
  3197 | D:8      | Noticed Psyche
  3208 | D:8      | Noticed crawlian's ghost (novice OpMo)
  3218 | D:8      | Cast into level 1 of the Abyss (Psyche)
  3248 | Abyss:1  | Noticed a worldbinder
  3251 | Abyss:1  | Noticed a wind drake
  3257 | Abyss:1  | Noticed a manticore
  3257 | Abyss:1  | Noticed a merfolk siren
  3257 | Abyss:1  | Noticed a wind drake
  3264 | Abyss:1  | Noticed a manticore
  3264 | Abyss:1  | Noticed a manticore
  3264 | Abyss:1  | Noticed a wind drake
  3267 | Abyss:1  | HP: 3/82 [manticore[a worldbinder] (3)]
  3268 | Abyss:1  | Slain by a manticore

Vault maps used:
D:1:      dpeg_arrival_more_subterranean_lakeside_camping, corner_web_ring
D:2:      nicolae_qazlal_style_of_elements, lemuel_doored_altar
D:3:      nicolae_overflow_crystal_walls, first_ration, columned_hall_lemuel,
          uniq_natasha
D:4:      kennysheep_small_spiral
D:5:      minmay_temple_entry_hall, nicolae_ossuary_entry_monument
D:6:      overflow_temple_1_default, marbit_many_paths, portal_sewer_entry_e,
          serial_glass, glass_columns_a, glass_columns_a, serial_shops,
          nicolae_shop_temple_entry_statues_fountains
D:7:      lemuel_round_altar
D:8:      serial_shops, shop, uniq_psyche
Temple:   nicolae_temple_figure_eight
Abyss:1:  minivault_4

Skill      XL: |  1  2  3  4  5  6  7  8  9 |
---------------+----------------------------+-----
Fighting       | 3 4 5 6 |  6.3
Axes           | 3 4 5 6 7 |  7.1
Armour         | 4 5 6 7 |  7.5
Shields        | 4 5 6 7 |  7.5

Action                   |  1- 3 |  4- 6 |  7- 9 || total
-------------------------+-------+-------+-------++-------
Melee: War axe           |    88 |   123 |   382 ||   593
 Abil: Heal Wounds       |     1 |     5 |    15 ||    21
  Use: Scroll            |       |       |     8 ||     8
       Potion            |       |       |     4 ||     4
  Eat: Chunk             |       |     2 |     7 ||     9
Armor: Scale mail        |    46 |    54 |    75 ||   175
       Skin              |       |       |    75 ||    75
       Chain mail        |       |       |   136 ||   136
Dodge: Dodged            |    37 |    33 |   152 ||   222
Block: Shield            |    46 |    64 |   314 ||   424

Table legend:
 A = Spawn XP
 B = Non-spawn XP
 C = Spawn XP percentage of total XP
 D = Spawn monster count
 E = Non-spawn monster count
 F = Spawn count percentage of total count
 G = Total turns spent on level
                    A         B        C        D         E        F      G
               +---------+---------+-------+---------+---------+-------+---------
         Total |       0 |    3385 |   0.0 |       0 |     124 |   0.0 |  3268
               +---------+---------+-------+---------+---------+-------+---------
           D:1 |       0 |      11 |   0.0 |       0 |       6 |   0.0 |    95
           D:2 |       0 |      23 |   0.0 |       0 |       8 |   0.0 |    62
           D:3 |       0 |      27 |   0.0 |       0 |       9 |   0.0 |   264
           D:4 |       0 |     272 |   0.0 |       0 |      23 |   0.0 |   740
           D:5 |       0 |     767 |   0.0 |       0 |      16 |   0.0 |   537
           D:6 |       0 |     754 |   0.0 |       0 |      36 |   0.0 |   796
           D:7 |       0 |     254 |   0.0 |       0 |      15 |   0.0 |   368
           D:8 |       0 |    1277 |   0.0 |       0 |      11 |   0.0 |   156
               +---------+---------+-------+---------+---------+-------+---------
